[Event "Titled Tuesday Blitz July 25 Late 2023"]
[White "Rian, Kapriaga"]
[Black "Barria Santos, Jose Guilherme"]
[WhiteFideId "7103263"]
[BlackFideId "1939300"]
[WhiteElo "2369"]
[BlackElo "2580"]
[Result "0-1"]
[Round "2"]
[TimeControl "180+2"]
[Date "2023.07.25"]
[WhiteClock "0:00:00"]
[BlackClock "0:00:11"]
[Board "128"]

1. d4 Nf6 2. Nf3 g6 3. c4 Bg7 4. Nc3 d6 5. e4 O-O 6. h3 e5 7. d5 Nh5 8. Be2 a5 9. O-O Na6 10. Be3 Nf4 11. Nd2 f5 12. Qc2 fxe4 13. Ndxe4 Bxh3 14. gxh3 Nxh3+ 15. Kg2 Nf4+ 16. Bxf4 Rxf4 17. Rh1 Qf8 18. Raf1 Qf5 19. Bd3 Nb4 20. Qe2 Nxd3 21. Qxd3 Rg4+ 22. Kh2 Qh5+ 23. Qh3 Rh4 24. Kg2 Rxh3 25. Rxh3 Qg4+ 26. Rg3 Qd7 27. Rh1 Rf8 28. Ng5 Qf5 29. Nce4 h6 30. Rf3 Qg4+ 31. Rg3 Qe2 32. Re3 Qxc4 33. Ne6 Qxd5 34. Nxf8 Kxf8 35. Rhh3 g5 36. Rhf3+ Kg8 37. Kg3 Qe6 38. Kg2 d5 39. Ng3 e4 40. Rf5 c6 41. Ra3 b6 42. b4 axb4 43. Ra7 d4 44. Rc7 e3 45. Rc8+ Qxc8 46. fxe3 dxe3 47. Nh5 Qxf5 0-1


[Site "https://www.chess.com"]

[Event "Titled Tuesday Blitz July 25 Late 2023"]
[White "Hajiyev, Kanan"]
[Black "Gerbelli Neto, Eduardo"]
[WhiteFideId "13404148"]
[BlackFideId "2103281"]
[WhiteElo "2576"]
[BlackElo "2369"]
[Result "1-0"]
[Round "2"]
[TimeControl "180+2"]
[Date "2023.07.25"]
[WhiteClock "0:00:34"]
[BlackClock "0:00:00"]
[Board "129"]

1. d4 d5 2. Nf3 Nf6 3. c4 c6 4. cxd5 cxd5 5. Nc3 Nc6 6. Bg5 Ne4 7. Bf4 e6 8. e3 Bb4 9. Qb3 Qa5 10. Rc1 O-O 11. Bd3 f5 12. O-O Bxc3 13. bxc3 Qb6 14. c4 Qxb3 15. axb3 Na5 16. cxd5 exd5 17. b4 Nc6 18. b5 Nb4 19. Bb1 Bd7 20. Rc7 Bxb5 21. Rfc1 Bc6 22. Bxe4 fxe4 23. Ng5 Nd3 24. Ne6 Rf7 25. Rb1 Nxf4 26. exf4 Re8 27. Rxf7 Kxf7 28. Nc5 Re7 29. g4 g6 30. Kg2 e3 31. fxe3 b6 32. Nd3 Be8 33. Ne5+ Ke6 34. Rc1 Kd6 35. h4 Rc7 36. Ra1 a5 37. Rb1 b5 38. f5 gxf5 39. gxf5 Rc2+ 40. Kf3 a4 41. f6 Ke6 42. f7 Bxf7 43. Rxb5 Bh5+ 44. Kf4 Rf2+ 45. Kg5 Rf5+ 46. Kh6 Be2 47. Rb6+ Ke7 48. Rb7+ Kd6 49. Ra7 Rh5+ 50. Kg7 Rxh4 51. Kf6 Rh6+ 52. Kg5 Rh3 53. Kf4 Bd1 54. Kf5 Rh5+ 55. Kf6 Rh6+ 56. Kf7 Bh5+ 57. Kg7 Rg6+ 58. Nxg6 Bxg6 59. Rxa4 Ke6 60. Ra5 Bd3 61. Kh6 Be4 62. Kg5 1-0


[Site "https://www.chess.com"]

[Event "Titled Tuesday Blitz July 25 Late 2023"]
[White "Cooklev, Steven"]
[Black "Veiga, Jose Francisco R P Neves"]
[WhiteFideId "2050552"]
[BlackFideId "1930087"]
[WhiteElo "2368"]
[BlackElo "2572"]
[Result "0-1"]
[Round "2"]
[TimeControl "180+2"]
[Date "2023.07.25"]
[WhiteClock "0:00:11"]
[BlackClock "0:01:08"]
[Board "130"]

1. e4 Nc6 2. d4 d5 3. exd5 Qxd5 4. Nf3 Bg4 5. Be2 e6 6. c4 Qd7 7. O-O O-O-O 8. Be3 Nf6 9. Nc3 Bxf3 10. Bxf3 Nxd4 11. Bxd4 Qxd4 12. Qb3 Qb6 13. Qc2 Be7 14. b4 Qd4 15. Nb5 Qb6 16. Rab1 a6 17. a4 axb5 18. axb5 Kb8 19. Qa4 Qa7 20. Qb3 Qb6 21. Ra1 c6 22. bxc6 Kc7 23. cxb7 Rd4 24. c5 Qxb4 25. Qe3 Qxc5 26. Ra8 Rb8 27. Qb3 Nd5 28. Rfa1 Nb6 29. g3 Rd2 30. Rxb8 Qxf2+ 31. Kh1 Qxh2# 0-1


[Site "https://www.chess.com"]

[Event "Titled Tuesday Blitz July 25 Late 2023"]
[White "Tarasova, Viktoriya"]
[Black "Medina Paz, Miguel"]
[WhiteFideId "4175840"]
[BlackFideId "7300379"]
[WhiteElo "2367"]
[BlackElo "2564"]
[Result "0-1"]
[Round "2"]
[TimeControl "180+2"]
[Date "2023.07.25"]
[WhiteClock "0:00:00"]
[BlackClock "0:01:27"]
[Board "131"]

1. d4 e6 2. c4 Nf6 3. Nc3 Bb4 4. Nf3 Bxc3+ 5. bxc3 d6 6. Qc2 c5 7. e4 e5 8. d5 Nbd7 9. Bd3 h6 10. O-O g5 11. Ne1 Nf8 12. g3 Bh3 13. Ng2 Ng6 14. Rb1 Qd7 15. Qb3 O-O-O 16. a4 Rhg8 17. a5 Nf4 18. Bxf4 gxf4 19. a6 b6 20. Qa2 Bxg2 21. Kxg2 f3+ 22. Kxf3 Qh3 23. Ke2 Kb8 24. Qa4 Rc8 25. Rb2 Rc7 26. Rfb1 Nd7 27. Qd1 f5 28. Qf1 Qh5+ 29. f3 fxe4 30. Bxe4 Qxh2+ 31. Kd3 Qxg3 32. Qh1 Nf6 33. Qxh6 Nxe4 34. Kxe4 Qg6+ 35. Qxg6 Rxg6 36. Rh2 Rf6 37. Rh8+ Rc8 38. Rbh1 Rf4+ 39. Ke3 Rxc4 40. Rxc8+ Kxc8 41. Rh8+ Kc7 42. Rh7+ Kd8 43. Rxa7 Rxc3+ 44. Ke4 Ra3 45. Ra8+ Ke7 46. a7 Kf7 47. Rd8 Rxa7 48. Rxd6 Rb7 49. Kxe5 b5 0-1


[Site "https://www.chess.com"]

[Event "Titled Tuesday Blitz July 25 Late 2023"]
[White "Ozates, Tuna"]
[Black "Chabris, Christopher"]
[WhiteFideId "6354521"]
[BlackFideId "2005263"]
[WhiteElo "2561"]
[BlackElo "2366"]
[Result "1-0"]
[Round "2"]
[TimeControl "180+2"]
[Date "2023.07.25"]
[WhiteClock "0:00:26"]
[BlackClock "0:00:47"]
[Board "132"]

1. e4 e5 2. Nf3 Nc6 3. Bb5 a6 4. Ba4 Nf6 5. d3 d6 6. c3 g6 7. O-O Bg7 8. Re1 O-O 9. Nbd2 Ne7 10. d4 b5 11. Bb3 exd4 12. cxd4 c5 13. e5 Nfd5 14. exd6 Qxd6 15. Ne4 Qb6 16. dxc5 Qc7 17. Bxd5 Rd8 18. Nd6 Nxd5 19. Qxd5 Be6 20. Rxe6 fxe6 21. Qxe6+ Kh8 22. Be3 Rf8 23. Ng5 Bxb2 24. Rb1 Bc3 25. Ngf7+ Rxf7 26. Nxf7+ Kg8 27. Nd6+ Kh8 28. Bf4 Rf8 29. Be5+ Bxe5 30. Qxe5+ Kg8 31. Rc1 b4 32. Qd5+ Kg7 33. Qd4+ Kg8 34. Qxb4 Rb8 35. Qc4+ Kh8 36. h4 1-0


[Site "https://www.chess.com"]

[Event "Titled Tuesday Blitz July 25 Late 2023"]
[White "Bellissimo, Joseph F."]
[Black "Rostomyan, Mikayel"]
[WhiteFideId "2609843"]
[BlackFideId "13313754"]
[WhiteElo "2363"]
[BlackElo "2558"]
[Result "0-1"]
[Round "2"]
[TimeControl "180+2"]
[Date "2023.07.25"]
[WhiteClock "0:02:21"]
[BlackClock "0:01:48"]
[Board "133"]

1. e4 c5 2. Nf3 Nc6 3. c3 Nf6 4. e5 Nd5 5. d4 cxd4 6. cxd4 d6 7. Bc4 Nb6 8. Bd3 Bg4 9. O-O Nxd4 10. e6 Nxf3+ 11. Qxf3 Bxf3 12. Bb5+ Bc6 0-1


[Site "https://www.chess.com"]

[Event "Titled Tuesday Blitz July 25 Late 2023"]
[White "Zhou, Qiyu"]
[Black "Fonseca Manrique, Enrique"]
[WhiteFideId "505161"]
[BlackFideId "5114330"]
[WhiteElo "2363"]
[BlackElo "2552"]
[Result "0-1"]
[Round "2"]
[TimeControl "180+2"]
[Date "2023.07.25"]
[WhiteClock "0:00:04"]
[BlackClock "0:00:07"]
[Board "134"]

1. e4 c5 2. Nf3 e6 3. d4 cxd4 4. Nxd4 Nc6 5. Nb5 d6 6. N1c3 a6 7. Na3 Nf6 8. Bg5 Be7 9. Bd3 h6 10. Bh4 O-O 11. O-O b5 12. Nab1 Bb7 13. Nd2 Rc8 14. Bg3 Qb6 15. Kh1 Ne5 16. f4 Nc4 17. Bxc4 bxc4 18. Rb1 d5 19. e5 Ne4 20. Ndxe4 dxe4 21. Qe2 e3 22. Rfe1 Qc6 23. Nd1 Bc5 24. Rg1 Qe4 25. Nc3 Qg6 26. Nd1 Rfd8 27. Nxe3 Qe4 28. Rbe1 Bxe3 29. Qxe3 Qxc2 30. Re2 Qd3 31. Rge1 Rd7 32. Bf2 Qg6 33. Bg1 Rcd8 34. Qc3 h5 35. Qxc4 h4 36. h3 Rd3 37. Bh2 Rxh3 38. Qc7 Qg3 39. Qxd8+ Kh7 40. Kg1 Qxh2+ 41. Kf2 Qxf4+ 42. Kg1 Qh2+ 43. Kf1 Qh1+ 44. Kf2 Qxg2# 0-1


[Site "https://www.chess.com"]

[Event "Titled Tuesday Blitz July 25 Late 2023"]
[White "Golubev, Mikhail"]
[Black "littlepinkyboy"]
[WhiteFideId "14100983"]
[WhiteElo "2551"]
[BlackElo "2357"]
[Result "1-0"]
[Round "2"]
[TimeControl "180+2"]
[Date "2023.07.25"]
[WhiteClock "0:00:15"]
[BlackClock "0:00:00"]
[Board "135"]

1. e4 c6 2. Nf3 d5 3. Nc3 dxe4 4. Nxe4 Nf6 5. Qe2 Nxe4 6. Qxe4 Nd7 7. Bc4 Nf6 8. Ne5 e6 9. Qe2 Bd6 10. d4 O-O 11. O-O Re8 12. Bg5 Be7 13. Rad1 Nd5 14. Bc1 Qc7 15. Bd3 Nf6 16. Rfe1 b6 17. Bf4 Bd6 18. Bg5 Be7 19. Nxc6 Qxc6 20. Bxf6 Bxf6 21. Be4 Qa4 22. Bxa8 Ba6 23. Qe4 Rc8 24. b3 Qd7 25. c4 Rc7 26. d5 e5 27. d6 Rc8 28. Bd5 Re8 29. Qf3 Qd8 30. Bc6 Rf8 31. d7 1-0


[Site "https://www.chess.com"]

[Event "Titled Tuesday Blitz July 25 Late 2023"]
[White "Srdanovic, Jovana"]
[Black "Toropov, Pavel"]
[WhiteFideId "954810"]
[BlackFideId "24129178"]
[WhiteElo "2354"]
[BlackElo "2538"]
[Result "0-1"]
[Round "2"]
[TimeControl "180+2"]
[Date "2023.07.25"]
[WhiteClock "0:00:09"]
[BlackClock "0:00:37"]
[Board "136"]

1. d4 d5 2. c4 c6 3. Nc3 Nf6 4. Nf3 dxc4 5. a4 Bf5 6. e3 e6 7. Bxc4 Bb4 8. O-O O-O 9. Qe2 Bg6 10. Rd1 Nbd7 11. Ne5 Nxe5 12. dxe5 Nd7 13. f4 Qe7 14. Bd2 Rfd8 15. Be1 a5 16. e4 Nc5 17. Qg4 Nxe4 18. Rxd8+ Rxd8 19. Nxe4 Bxe1 20. Rxe1 Bxe4 21. Rxe4 Qc5+ 22. Kh1 b5 23. Be2 0-1


[Site "https://www.chess.com"]

[Event "Titled Tuesday Blitz July 25 Late 2023"]
[White "Antonica, Dragos-Andrei"]
[Black "Gavarrete, Nahun"]
[WhiteFideId "1246372"]
[BlackFideId "8400709"]
[WhiteElo "2537"]
[BlackElo "2353"]
[Result "1-0"]
[Round "2"]
[TimeControl "180+2"]
[Date "2023.07.25"]
[WhiteClock "0:01:08"]
[BlackClock "0:00:19"]
[Board "137"]

1. b3 e5 2. Bb2 Nc6 3. c4 Nf6 4. e3 d5 5. cxd5 Nxd5 6. a3 Bd6 7. Qc2 O-O 8. Nf3 f5 9. d3 Be6 10. Nbd2 Kh8 11. Be2 Qe7 12. b4 Bg8 13. b5 Na5 14. Nc4 Nxc4 15. dxc4 Nb6 16. c5 Bxc5 17. Bxe5 Bxa3 18. O-O Bd6 19. Bd4 Nd5 20. Qb2 f4 21. e4 Nb4 22. Rfc1 c5 23. e5 cxd4 24. exd6 Qxd6 25. Nxd4 Rfd8 26. Nf5 Qf8 27. Nxg7 Qxg7 28. Qxb4 Bd5 29. f3 Rd7 30. Qxf4 Rf8 31. Qg3 Qd4+ 32. Qf2 Qe5 33. Bf1 Rg7 34. Re1 Qf6 35. Ra3 b6 36. Kh1 Qg5 37. Rae3 Bb7 38. Re5 Qg6 39. Re7 Rfg8 40. Qd4 Bxf3 41. Rxg7 Rxg7 42. gxf3 1-0


[Site "https://www.chess.com"]

[Event "Titled Tuesday Blitz July 25 Late 2023"]
[White "Topalov, Aleksandar"]
[Black "Rottenwohrer Suarez, Juan"]
[WhiteFideId "925659"]
[BlackFideId "32068182"]
[WhiteElo "2351"]
[BlackElo "2534"]
[Result "1-0"]
[Round "2"]
[TimeControl "180+2"]
[Date "2023.07.25"]
[WhiteClock "0:00:01"]
[BlackClock "0:00:00"]
[Board "138"]

1. b3 Nf6 2. Bb2 d5 3. Nf3 c5 4. e3 Nc6 5. Bb5 Bd7 6. O-O g6 7. c4 dxc4 8. Bxc4 Bg7 9. a3 O-O 10. Qc2 Rc8 11. Be2 b6 12. d3 Re8 13. Nbd2 Bf5 14. Rac1 Qd7 15. Rfd1 Red8 16. Nc4 h6 17. h3 g5 18. Qb1 Bg6 19. Nfe5 Nxe5 20. Nxe5 Qf5 21. g4 Qe6 22. Nxg6 fxg6 23. d4 Kh7 24. Bc4 Qe4 25. dxc5 Qxb1 26. Rxb1 Rxd1+ 27. Rxd1 Rxc5 28. Rd8 b5 29. Be6 Rc6 30. Bf7 h5 31. Bd4 a5 32. Rb8 a4 33. bxa4 bxa4 34. Ra8 hxg4 35. hxg4 Nxg4 36. Rxa4 Rc1+ 37. Kg2 Bxd4 38. Rxd4 Ne5 39. Bd5 Kg7 40. a4 Kf6 41. Bb7 Ra1 42. Rb4 g4 43. Kg3 Nd3 44. Rb6+ Kg5 45. Rb5+ e5 46. Be4 Rg1+ 47. Kh2 Rd1 48. Bxd3 Rxd3 49. Rxe5+ Kh4 50. Re8 Rd2 51. Kg2 Ra2 52. Re4 Kg5 53. Rd4 1-0


[Site "https://www.chess.com"]

[Event "Titled Tuesday Blitz July 25 Late 2023"]
[White "Kostiukov, Alexandr"]
[Black "Przybylski, Wojciech"]
[WhiteFideId "14108100"]
[BlackFideId "1117599"]
[WhiteElo "2351"]
[BlackElo "2530"]
[Result "0-1"]
[Round "2"]
[TimeControl "180+2"]
[Date "2023.07.25"]
[WhiteClock "0:00:00"]
[BlackClock "0:00:08"]
[Board "139"]

1. g3 d5 2. Bg2 c6 3. d3 Nf6 4. e4 e5 5. Qe2 Bd6 6. Nf3 O-O 7. O-O h6 8. h3 Re8 9. c4 Nbd7 10. cxd5 cxd5 11. exd5 b6 12. Nc3 Ba6 13. Ne4 Nxe4 14. Qxe4 Nc5 15. Qg4 Bc8 16. Qh5 Qf6 17. Rd1 Bf5 18. d4 Nd3 19. dxe5 Nxe5 20. Nxe5 Bxe5 21. Qf3 Rad8 22. g4 Bc2 23. Qxf6 Bxf6 24. Rf1 Bd3 25. Rd1 Bc2 26. Rf1 a5 27. Bf4 b5 28. Bc7 Rd7 29. d6 Bxb2 30. Rac1 Bxc1 31. Rxc1 Be4 32. f3 Bd5 33. Bf1 Bc4 34. Bxc4 bxc4 35. Rxc4 Rc8 36. Rc5 f6 37. Rxa5 Kf7 38. Kg2 g6 39. Kg3 Ke6 40. h4 f5 41. h5 fxg4 42. Kxg4 gxh5+ 43. Kxh5 Rg8 44. f4 Rdg7 45. Re5+ Kd7 46. Kxh6 Rg1 0-1


[Site "https://www.chess.com"]

[Event "Titled Tuesday Blitz July 25 Late 2023"]
[White "ElDivis"]
[Black "Skuhala, Barbara"]
[BlackFideId "14605465"]
[WhiteElo "2528"]
[BlackElo "2351"]
[Result "1-0"]
[Round "2"]
[TimeControl "180+2"]
[Date "2023.07.25"]
[WhiteClock "0:00:25"]
[BlackClock "0:00:17"]
[Board "140"]

1. d4 Nf6 2. Nf3 e6 3. e3 d5 4. Bd3 Bd6 5. O-O O-O 6. c4 b6 7. Nc3 Bb7 8. Qc2 Nbd7 9. cxd5 exd5 10. Nb5 Qe7 11. Nxd6 Qxd6 12. b3 Rfe8 13. Bb2 Ne4 14. Rac1 Rac8 15. Ne5 f6 16. Bxe4 dxe4 17. Nc6 a5 18. Na7 Rb8 19. Qxc7 Qe6 20. Nc6 Bxc6 21. Qxc6 Qg4 22. h3 Qf5 23. g4 Qe6 24. Qxe6+ Rxe6 25. Rc7 Rd6 26. Rfc1 Kf7 27. Kg2 Rd5 28. R1c6 Kg6 29. f4 Nf8 30. f5+ Kh6 31. Ba3 b5 32. Bd6 Rd8 33. Bf4+ 1-0


[Site "https://www.chess.com"]

[Event "Titled Tuesday Blitz July 25 Late 2023"]
[White "Xia, Brandon"]
[Black "Ganiev, Roman"]
[WhiteFideId "30921880"]
[BlackFideId "4131452"]
[WhiteElo "2347"]
[BlackElo "2524"]
[Result "1/2-1/2"]
[Round "2"]
[TimeControl "180+2"]
[Date "2023.07.25"]
[WhiteClock "0:00:24"]
[BlackClock "0:00:10"]
[Board "141"]

1. b3 e5 2. Bb2 Nc6 3. e3 Nf6 4. Bb5 Bd6 5. Na3 a6 6. Be2 O-O 7. c4 Re8 8. Nc2 Bf8 9. d3 d5 10. Nf3 Bg4 11. O-O Qd7 12. d4 exd4 13. Ncxd4 Nxd4 14. Nxd4 Bxe2 15. Nxe2 dxc4 16. Bxf6 Qxd1 17. Rfxd1 gxf6 18. bxc4 Bc5 19. g4 Re4 20. Nf4 Rxc4 21. Rd7 Bd6 22. Nd5 Rxg4+ 23. Kf1 Kg7 24. Nxc7 Bxh2 25. Ke2 Bxc7 26. Rxc7 b5 27. f3 Rg2+ 28. Kd3 Rd8+ 29. Ke4 Re8+ 30. Kf4 Kg6 31. e4 h5 32. Rc6 Rg5 33. Rxa6 h4 34. Rh1 Rh8 35. Rh3 Rg2 36. Ra5 Rh5 37. Ra6 Rg1 38. a3 Ra1 39. Ra8 Kg7 40. Ra5 Kg6 41. Ke3 Rb1 42. Kf4 Ra1 43. Kg4 Rg5+ 44. Kf4 Rh5 1/2-1/2


[Site "https://www.chess.com"]

[Event "Titled Tuesday Blitz July 25 Late 2023"]
[White "Papp, Petra"]
[Black "Mahdavirad, Mehdi"]
[WhiteFideId "739049"]
[BlackFideId "12502669"]
[WhiteElo "2344"]
[BlackElo "2523"]
[Result "0-1"]
[Round "2"]
[TimeControl "180+2"]
[Date "2023.07.25"]
[WhiteClock "0:00:00"]
[BlackClock "0:00:07"]
[Board "142"]

1. e4 c5 2. Nf3 Nc6 3. d4 cxd4 4. Nxd4 e5 5. Nb5 d6 6. c4 Be7 7. N1c3 a6 8. Na3 Be6 9. Be2 Bg5 10. O-O Bxc1 11. Rxc1 Nge7 12. Nc2 O-O 13. Qd2 Qb6 14. b3 Rfd8 15. Rfd1 Rac8 16. Bf1 h6 17. g3 Qa7 18. h3 Kf8 19. Nd5 Bxd5 20. cxd5 Nb8 21. Ne3 Nd7 22. Qa5 Nf6 23. Qa4 Rc5 24. Rxc5 Qxc5 25. h4 Rc8 26. Bh3 Rc7 27. Kg2 Qc3 28. Qa3 Rc5 29. Qa4 g6 30. b4 Rc7 31. Rb1 Nxe4 32. b5 Nd2 33. Rd1 Nc4 34. Nxc4 Rxc4 35. Qb3 Qxb3 36. axb3 Rb4 37. bxa6 bxa6 38. Ra1 Rb6 39. b4 Nxd5 40. Rd1 Nxb4 41. f4 e4 42. f5 g5 43. hxg5 hxg5 44. Kf2 d5 45. Ke3 f6 46. Kd4 a5 47. Kc5 Rc6+ 48. Kd4 Rc3 49. Ra1 Rxg3 50. Kc5 Rxh3 51. Kd6 Rf3 52. Rxa5 Rxf5 53. Ke6 Rf4 54. Rb5 Nd3 55. Rb7 Ne5 56. Kxd5 e3 0-1


[Site "https://www.chess.com"]

[Event "Titled Tuesday Blitz July 25 Late 2023"]
[White "Yolosz"]
[Black "Benedetti, Julio"]
[BlackFideId "172545"]
[WhiteElo "2339"]
[BlackElo "2523"]
[Result "1-0"]
[Round "2"]
[TimeControl "180+2"]
[Date "2023.07.25"]
[WhiteClock "0:00:18"]
[BlackClock "0:00:11"]
[Board "143"]

1. d4 d5 2. Bf4 Nf6 3. e3 c5 4. c3 Nc6 5. Bd3 e6 6. Nf3 Be7 7. h3 O-O 8. Nbd2 Re8 9. O-O b6 10. Qe2 cxd4 11. exd4 Bb7 12. a4 Rc8 13. Bb5 Nd7 14. Rfe1 Nf8 15. Ne5 Ng6 16. Nxg6 hxg6 17. Nf3 Rf8 18. Ne5 Nxe5 19. Bxe5 Bd6 20. Qg4 Bxe5 21. Rxe5 Bc6 22. Bd3 Qf6 23. Rae1 Bxa4 24. R1e3 Rfe8 25. Rf3 Bd1 26. Be2 Bxe2 27. Rxe2 Qd8 28. h4 Rc4 29. Re5 Qc7 30. Qg5 Qe7 31. Qg3 Qc7 32. h5 gxh5 33. Qg5 g6 34. Qh6 Qe7 35. Rxh5 f5 36. Qh8+ Kf7 37. Rh7# 1-0


[Site "https://www.chess.com"]

[Event "Titled Tuesday Blitz July 25 Late 2023"]
[White "Mattheii"]
[Black "Yu, Jennifer"]
[BlackFideId "2078341"]
[WhiteElo "2521"]
[BlackElo "2338"]
[Result "0-1"]
[Round "2"]
[TimeControl "180+2"]
[Date "2023.07.25"]
[WhiteClock "0:00:10"]
[BlackClock "0:00:23"]
[Board "144"]

1. d4 d5 2. c4 e6 3. Nc3 Nf6 4. Bg5 Be7 5. e3 h6 6. Bh4 dxc4 7. Bxc4 a6 8. Nf3 b5 9. Bd3 Bb7 10. O-O Nbd7 11. Rc1 c5 12. Qe2 cxd4 13. Nxd4 O-O 14. Rfd1 Nd5 15. Bxe7 Qxe7 16. Nxd5 Bxd5 17. b3 Rac8 18. h3 Ne5 19. Bb1 Rfd8 20. Rxc8 Rxc8 21. e4 Bb7 22. f4 Ng6 23. g3 Rd8 24. f5 exf5 25. Nxf5 Qc5+ 26. Kh2 Rxd1 27. Qxd1 Qf2+ 28. Kh1 Qxf5 29. Qe2 Qg5 30. Qd3 Ne5 31. Qc3 Qf6 32. Kg2 b4 33. Qd4 Qf3+ 34. Kh2 Qe2+ 35. Kh1 Qf1+ 36. Qg1 Qxh3+ 37. Qh2 Qf1+ 38. Qg1 Qh3+ 39. Qh2 Qg4 40. Qd2 Bxe4+ 41. Bxe4 Qxe4+ 42. Qg2 Qxg2+ 43. Kxg2 Nd3 44. Kf3 Nc1 45. Ke3 Nxa2 46. Kd4 g5 47. Kc4 h5 48. Kc5 h4 0-1


[Site "https://www.chess.com"]

[Event "Titled Tuesday Blitz July 25 Late 2023"]
[White "Martinez Reyes, Pedro Ramon"]
[Black "Prydun, Andriy"]
[WhiteFideId "3901807"]
[BlackFideId "14145898"]
[WhiteElo "2521"]
[BlackElo "2336"]
[Result "1-0"]
[Round "2"]
[TimeControl "180+2"]
[Date "2023.07.25"]
[WhiteClock "0:00:12"]
[BlackClock "0:00:00"]
[Board "145"]

1. d4 Nf6 2. c4 c5 3. d5 e5 4. Nc3 d6 5. e4 Nbd7 6. h4 a6 7. a4 b6 8. g3 Be7 9. Bg2 O-O 10. Nge2 Ne8 11. O-O Nc7 12. h5 h6 13. Be3 Re8 14. f4 Bf8 15. Qd3 Rb8 16. f5 Nf6 17. Bf3 Bd7 18. g4 Nh7 19. Rab1 Be7 20. b4 Bg5 21. Bf2 Nf6 22. Rb3 a5 23. bxa5 bxa5 24. Nb5 Bc8 25. Nxc7 Qxc7 26. Rxb8 Qxb8 27. Rb1 Qc7 28. Nc3 Bd7 29. Nb5 Qb6 30. Be1 Bf4 31. Qc3 Ra8 32. Rb3 Ne8 33. Qb2 Qd8 34. Kg2 Qg5 35. Kh3 Be3 36. Bh4 Qf4 37. Qe2 Bd4 38. Be1 Qc1 39. Qd1 Qg5 40. Bd2 Qd8 41. Qf1 Bc8 42. Qc1 Rb8 43. g5 hxg5 44. Bxg5 Qd7 45. h6 g6 46. Bg4 f6 47. Bd2 g5 48. Kg2 Qh7 49. Rh3 Ra8 50. Bh5 Bd7 51. Bg6 Qh8 52. h7+ Kf8 53. Bxg5 fxg5 54. Qxg5 Nf6 55. Nxd6 Ke7 56. Nb5 Bxb5 57. cxb5 c4 58. Qc1 Rc8 59. Qa3+ Bc5 60. Qc3 Kd6 61. Qxa5 Nxe4 62. Qa6+ Ke7 63. Qe6+ Kd8 64. f6 Nxf6 65. Rf3 Nd7 66. Rf7 Rc7 67. d6 Bxd6 68. Qxd6 c3 69. Qe7+ Kc8 70. b6 Rb7 71. Qd6 c2 72. Qc6+ Kb8 73. Qxc2 Nxb6 74. Rxb7+ Kxb7 75. Be4+ Ka6 76. Qd3+ Ka7 77. Qd6 Qg7+ 78. Kf3 Nxa4 79. Qg6 Qf8+ 80. Kg4 Nb6 81. Qg8 Qf4+ 82. Kh5 Qh2+ 83. Kg6 Qg3+ 84. Kf7 Qf4+ 85. Ke8 Qxe4 86. Qg7+ 1-0


[Site "https://www.chess.com"]

[Event "Titled Tuesday Blitz July 25 Late 2023"]
[White "kiwibobo"]
[Black "Shapiro, Viktor"]
[BlackFideId "4175700"]
[WhiteElo "2332"]
[BlackElo "2517"]
[Result "1/2-1/2"]
[Round "2"]
[TimeControl "180+2"]
[Date "2023.07.25"]
[WhiteClock "0:00:13"]
[BlackClock "0:00:44"]
[Board "146"]

1. e4 e5 2. Nf3 Nc6 3. Bb5 Nge7 4. c3 g6 5. d4 Bg7 6. O-O a6 7. Ba4 exd4 8. cxd4 d5 9. exd5 Nxd5 10. Re1+ Ne7 11. Bg5 b5 12. Bb3 O-O 13. d5 h6 14. dxc6 Qxd1 15. Rxd1 hxg5 16. Nc3 Nxc6 17. Nxg5 Nd4 18. Nd5 Nxb3 19. axb3 Bxb2 20. Ra2 Be5 21. f4 Bd6 22. g3 Bb7 23. Nf6+ Kg7 24. Nfe4 Bb4 25. Rd4 c5 26. Rd7 Bc6 27. Ne6+ Kh8 28. Nxf8 Bxd7 29. Nxd7 c4 30. bxc4 bxc4 31. Rc2 Rc8 32. Nb6 Rc6 33. Nxc4 f5 34. Ned2 Bxd2 35. Rxd2 Rxc4 36. Rd6 Kg7 37. Rxa6 Rc2 38. h3 Rb2 39. Ra7+ Kg8 40. Rc7 Ra2 41. g4 Ra4 42. gxf5 gxf5 43. Kg2 Rxf4 44. Kg3 Re4 45. Rc5 f4+ 46. Kf3 Re3+ 47. Kxf4 Rxh3 48. Rg5+ Kf7 49. Rf5+ Kg6 50. Rg5+ Kf7 51. Rf5+ Kg6 52. Rg5+ Kf7 1/2-1/2


[Site "https://www.chess.com"]

[Event "Titled Tuesday Blitz July 25 Late 2023"]
[White "O`Gorman, Tom"]
[Black "kripri"]
[WhiteFideId "2508249"]
[WhiteElo "2506"]
[BlackElo "2329"]
[Result "1-0"]
[Round "2"]
[TimeControl "180+2"]
[Date "2023.07.25"]
[WhiteClock "0:01:27"]
[BlackClock "0:00:14"]
[Board "147"]

1. e4 e6 2. d4 d5 3. Nd2 c5 4. Ngf3 cxd4 5. Nxd4 Nc6 6. Bb5 Bd7 7. Nxc6 bxc6 8. Bd3 Bd6 9. O-O Ne7 10. c4 O-O 11. Qe2 Ng6 12. g3 d4 13. f4 c5 14. e5 Be7 15. Ne4 Bc6 16. h4 Re8 17. h5 Nf8 18. Bd2 Rb8 19. b3 Qc7 20. h6 g6 21. Rae1 Nd7 22. g4 Kh8 23. Qh2 Rg8 24. Re2 Qb7 25. Be1 Rbe8 26. Bh4 Bxh4 27. Qxh4 Qc7 28. Nd6 Ref8 29. Qe7 Qd8 30. Qxd8 1-0


[Site "https://www.chess.com"]

[Event "Titled Tuesday Blitz July 25 Late 2023"]
[White "Novik, Maxim"]
[Black "DampFalcon"]
[WhiteFideId "4102924"]
[WhiteElo "2505"]
[BlackElo "2325"]
[Result "0-1"]
[Round "2"]
[TimeControl "180+2"]
[Date "2023.07.25"]
[WhiteClock "0:01:18"]
[BlackClock "0:00:14"]
[Board "148"]

1. e4 c5 2. Nf3 Nc6 3. Bb5 g6 4. O-O Bg7 5. Re1 e6 6. c3 Nge7 7. d4 cxd4 8. cxd4 d5 9. e5 a6 10. Bd3 O-O 11. a3 Qb6 12. Bc2 Nf5 13. Bxf5 exf5 14. Nc3 Be6 15. Be3 Rac8 16. Qd2 Na5 17. Rad1 Nc4 18. Qe2 Qxb2 19. Na4 Qxe2 20. Rxe2 Nxa3 21. Nc5 Rc7 22. Rb2 Bc8 23. Nd2 Nb5 24. f4 Re8 25. Ra1 Bf8 26. Ndb3 b6 27. Nxa6 Ra7 28. Rba2 Nc3 29. Rc2 Rxa6 30. Rxa6 Bxa6 31. Rxc3 Bc4 32. Nd2 b5 33. Nxc4 bxc4 34. Rc2 Rb8 35. Kf2 Kg7 36. Ra2 Rb3 37. Ra5 c3 38. Ke2 c2 39. Bc1 Rb1 40. Kd2 Bb4+ 41. Kxc2 Rxc1+ 42. Kxc1 Bxa5 43. Kc2 Kf8 44. h3 Ke7 45. g4 Ke6 46. Kd3 Bb6 47. Kc3 h6 48. Kd3 f6 49. Kc3 fxg4 50. hxg4 f5 51. gxf5+ Kxf5 52. Kd3 h5 53. Ke3 h4 54. Kf3 Bxd4 55. e6 Kxe6 56. Kg4 Kf6 57. Kxh4 Kf5 58. Kg3 Be3 59. Kf3 Bxf4 60. Ke2 Ke4 61. Kf2 d4 62. Ke2 d3+ 63. Kd1 Be3 64. Ke1 Kf3 65. Kd1 Bd4 66. Kd2 Ke4 67. Kd1 Ke3 68. Ke1 d2+ 69. Kd1 g5 70. Kc2 Ke2 71. Kb3 d1=Q+ 0-1


[Site "https://www.chess.com"]

[Event "Titled Tuesday Blitz July 25 Late 2023"]
[White "Manon-og, Ramon Jr."]
[Black "Ordekalog"]
[WhiteFideId "5200776"]
[WhiteElo "2324"]
[BlackElo "2504"]
[Result "1-0"]
[Round "2"]
[TimeControl "180+2"]
[Date "2023.07.25"]
[WhiteClock "0:00:18"]
[BlackClock "0:00:00"]
[Board "149"]

1. d4 d5 2. c4 e6 3. Nc3 c5 4. Nf3 Nc6 5. cxd5 exd5 6. dxc5 d4 7. Ne4 Bxc5 8. Nxc5 Qa5+ 9. Bd2 Qxc5 10. Rc1 Qb6 11. e3 Nf6 12. exd4 O-O 13. Be2 Bg4 14. O-O Rad8 15. Be3 Nd5 16. Qb3 Qxb3 17. axb3 Na5 18. Ra1 b6 19. Bc4 Bxf3 20. gxf3 Rd6 21. Bxd5 Rxd5 22. b4 Nc6 23. Rfc1 Rd6 24. b5 Nxd4 25. Bxd4 Rxd4 26. Rxa7 Rb4 27. Rc6 Rxb5 28. Rb7 Rxb2 29. Rcxb6 Rxb6 30. Rxb6 h5 31. Kg2 Ra8 32. Kg3 Ra4 33. f4 Kh7 34. f3 f6 35. Rb3 Kg6 36. Re3 Kf5 37. Rb3 h4+ 38. Kxh4 Kxf4 39. Kh5 Ra2 40. h4 Rg2 41. Rc3 Rg3 42. Rc5 Rxf3 43. Rc4+ Kf5 44. Rg4 g5 45. hxg5 Rh3+ 46. Rh4 Ra3 47. g6 Rg3 48. Rh1 1-0


[Site "https://www.chess.com"]